Map: Bel'Shir Vestige LE (Void)

Players

Haffey

  • Race: Protoss Protoss
  • League: Master
  • Spawn Location: 11:00

DeathByToss - Winner!

  • Race: Protoss Protoss
  • League: Master
  • Spawn Location: 5:00

VOD

Have the link to the VOD?

Description

meeK vs Haffey

Time

  • Played on: Jan. 27, 2017, 12:13 p.m.
  • Length: 10:15
Show
View Real Time Build Order
Export as new Build Order

Haffey Protoss 

Build Orders:  

Get SALT Encoding   

  12  0:01  Probe (Chrono Boost)  
  13  0:12  Probe (Chrono Boost)  
  14  0:19  Pylon  
  14  0:22  Probe (Chrono Boost)  
  15  0:37  Probe (Chrono Boost)  
  15  0:38  Gateway  
  16  0:48  Probe (Chrono Boost)  
  16  0:49  Assimilator  
  17  0:53  Assimilator  
  17  0:58  Probe (Chrono Boost)  
  18  1:09  Probe (Chrono Boost)  
  19  1:16  Gateway  
  19  1:19  Probe (Chrono Boost)  
  20  1:27  Cybernetics Core  
  20  1:30  Probe (Chrono Boost)  
  21  1:37  Zealot  
  23  1:48  Pylon  
  23  2:22  Mothership Core (Chrono Boost)  
  25  2:24  Stalker  
  25  2:27  Stalker  
  29  2:36  Pylon  
  20  3:08  Mothership Core (Chrono Boost)  
  21  3:14  Stalker  
  22  3:23  Gateway  
  22  3:24  Gateway  
  22  3:29  Probe (Chrono Boost)  
  21  3:43  Probe (Chrono Boost)  
  22  3:55  Mothership Core (Chrono Boost)  
  21  4:11  Stalker x2  
  23  4:43  Probe (Chrono Boost)  
  14  4:53  Probe (Chrono Boost)  
  15  5:04  Pylon  
  15  5:05  Probe (Chrono Boost)  
  16  5:15  Probe (Chrono Boost)  
  13  5:23  Stalker  
  13  5:25  Stalker  
  13  5:26  Probe (Chrono Boost)  
  18  5:36  Probe (Chrono Boost)  
  19  5:47  Probe (Chrono Boost)  
  20  5:57  Probe (Chrono Boost)  
  21  6:08  Probe (Chrono Boost)  
  22  6:11  Adept  
  22  6:12  Adept  
  26  6:19  Probe (Chrono Boost)  
  27  6:30  Probe (Chrono Boost)  
  28  6:41  Probe (Chrono Boost)  
  29  6:51  Probe (Chrono Boost)  
  30  7:02  Probe (Chrono Boost)  
  31  7:11  Stargate  
  31  7:16  Pylon  
  31  7:21  Pylon  
  31  7:40  Probe (Chrono Boost), Pylon  
  32  7:45  Warp Gate  
  34  7:52  Mothership Core (Chrono Boost)  
  34  7:54  Oracle  
  37  8:11  Probe (Chrono Boost)  
  37  8:12  Stalker  
  38  8:31  Probe (Chrono Boost)  
  38  8:33  Pylon  
  39  8:38  Oracle  
  38  8:53  Stalker  
  38  8:54  Stalker  
  42  9:16  Probe (Chrono Boost)  
  39  9:33  Pylon  
  39  9:43  Stalker  
  39  9:44  Stalker  
Show
View Real Time Build Order
Export as new Build Order

DeathByToss Protoss - Winner!

Build Orders: Cannon Rush 

Get SALT Encoding   

  12  0:02  Probe (Chrono Boost)  
  13  0:12  Probe (Chrono Boost)  
  14  0:18  Pylon  
  14  0:24  Probe (Chrono Boost)  
  15  0:36  Probe (Chrono Boost)  
  15  0:38  Forge  
  16  0:47  Probe (Chrono Boost)  
  17  0:57  Probe (Chrono Boost)  
  18  1:06  Pylon  
  18  1:25  Photon Cannon  
  18  1:34  Pylon  
  18  1:45  Pylon  
  18  1:50  Photon Cannon  
  18  1:52  Photon Cannon  
  18  1:54  Photon Cannon, Pylon  
  18  1:56  Photon Cannon  
  18  2:04  Pylon  
  17  2:13  Photon Cannon  
  17  2:17  Photon Cannon  
  17  2:20  Photon Cannon  
  17  2:28  Pylon  
  17  2:33  Probe (Chrono Boost)  
  18  2:41  Photon Cannon  
  18  2:46  Pylon  
  18  2:59  Gateway  
  18  3:05  Photon Cannon  
  18  3:14  Photon Cannon  
  18  3:16  Photon Cannon  
  18  3:25  Pylon  
  18  3:34  Photon Cannon  
  18  3:42  Photon Cannon  
  18  3:49  Pylon  
  18  3:56  Photon Cannon  
  18  4:04  Probe (Chrono Boost)  
  18  4:09  Photon Cannon  
  19  4:13  Photon Cannon  
  19  4:15  Photon Cannon  
  19  4:24  Pylon  
  19  4:42  Photon Cannon  
  19  4:43  Photon Cannon  
  19  4:45  Photon Cannon  
  19  4:51  Photon Cannon  
  19  4:58  Photon Cannon  
  19  5:01  Photon Cannon  
  19  5:06  Zealot  
  19  5:08  Assimilator  
  19  5:09  Cybernetics Core  
  19  5:12  Assimilator  
  21  5:32  Gateway  
  22  5:37  Probe (Chrono Boost)  
  22  5:46  Stalker  
  24  5:52  Gateway  
  25  5:57  Gateway, Probe (Chrono Boost)  
  25  6:01  Warp Gate  
  24  6:09  Probe (Chrono Boost)  
  25  6:16  Stalker  
  27  6:20  Stalker  
  29  6:30  Pylon  
  29  6:39  Stalker  
  31  6:48  Stalker  
  33  7:08  Mothership Core (Chrono Boost)  
  33  7:17  Pylon  
  33  7:26  Pylon  
  33  7:33  Pylon  
  33  7:51  Stalker  
  35  7:53  Adept  
  35  7:55  Zealot x2  
  41  8:17  Zealot x3  
  39  8:27  Stalker  
  39  8:46  Zealot  
  39  8:47  Zealot  
  39  9:13  Stalker x3  
  40  9:28  Zealot  
Tags
 
Add a new tag
Caveats
  • Supply blocks, unpowered buildings, or Contaminate may cause inaccurate times.
  • Supply counts are checked every 10 seconds.